 Dungeon Crawl Stone Soup version 0.20.0-10-g0535bb4 (webtiles) character file.

65 Gorglomux the Digger (level 4, 0/30 HPs)
             Began as a Barachi Earth Elementalist on June 3, 2017.
             Slain by Sigmund
             ... wielding a +0 scythe
              (7 damage)
             ... on level 2 of the Dungeon.
             The game lasted 00:02:13 (2245 turns).

Gorglomux the Digger (Barachi Earth Elementalist)   Turns: 2245, Time: 00:02:13

Health: 0/30       AC:  2    Str:  9    XL:     4   Next: 13%
Magic:  5/9        EV: 12    Int: 21    God:
Gold:   99         SH:  0    Dex: 13    Spells: 5/9 levels left

rFire    . . .     SeeInvis .   t - +1 trident (pierce)
rCold    . . .     Gourm    .   (no shield)
rNeg     + . .     Faith    .   c - +0 robe
rPois    .         Spirit   .   (no helmet)
rElec    .         Reflect  .   (no cloak)
rCorr    .         Harm     .   (no gloves)
MR       .....                  (no boots)
Stlth    ++........             (no amulet)
Regen    0.1/turn               j - ring of positive energy
MPRegen  0.2/turn               (no ring)

@: brilliant, very slightly contaminated, slow
A: +LOS, swims, slowness 1, strong legs 1
a: Hop


You were on level 2 of the Dungeon.
You were hungry.

You visited 1 branch of the dungeon, and saw 2 of its levels.

You collected 99 gold pieces.

Inventory:

Hand Weapons
 h - a +1 dagger of flaming
 t - a +1 trident of piercing (weapon)
Missiles
 b - 48 stones (quivered)
Armour
 c - a +0 robe (worn)
 n - a cursed +0 buckler
Jewellery
 j - a ring of positive energy (left hand)
Scrolls
 g - a scroll of fog {unknown}
 i - a scroll of immolation {unknown}
 l - a scroll of identify {unknown}
 m - 2 scrolls of remove curse {unknown}
 q - a scroll of recharging {unknown}
 w - 2 scrolls of teleportation {unknown}
 x - a scroll of noise {unknown}
 y - 2 scrolls of random uselessness {unknown}
Potions
 u - a potion of haste
 Q - a potion of curing
Books
 e - a book of Geomancy

   Spells                             Type                      Level
   a - Sandblast                      Earth                        1
   b - Passwall                       Transmutation/Earth          2
   c - Stone Arrow                    Conjuration/Earth            3
   d - Petrify                        Transmutation/Earth          4
   e - Lee's Rapid Deconstruction     Earth                        5
Comestibles
 d - 4 bread rations
 o - a royal jelly


   Skills:
 - Level 2.1 Dodging
 - Level 1.7 Stealth
 + Level 3.4 Spellcasting
   Level 1.1 Transmutations
 + Level 4.0 Earth Magic


You had 5 spell levels left.
You knew the following spells:

 Your Spells              Type           Power        Failure   Level  Hunger
a - Sandblast             Erth           ####..       1%          1    None
b - Stone Arrow           Conj/Erth      ###...       2%          3    ###....


Dungeon Overview and Level Annotations

Branches:
Dungeon (2/15)

Altars:

Annotations:
D:2 Sigmund


Innate Abilities, Weirdness & Mutations

Shadows flee at your approach. (+LOS)
You can swim through water.
You cover ground slowly.
You can hop short distances.


Message History

Okay, then.
You feel less confused.
You feel yourself slow down.
You see here a potion of curing.
Q - a potion of curing You are ready to hop once more.
Something completely misses you.
You swing at nothing.
You closely miss something.
You hear some strange, mumbled words.
A puff of flame appears from out of thin air!
The puff of flame hits you!
* * * LOW HITPOINT WARNING * * *
Something barely misses you.
Unknown command.
Okay, then.
It was a potion of brilliance.
You feel clever all of a sudden. Something hits you!
You die...

.####.#.###.# ##.##
....÷....##.#####.#.##
.####............###.#
..###....##.#####.#.##
<..##.#.###.# ###.###
....#.......# #.....#
...####.##### #.#.#.# ..##
##+## #.#.#.# .## ##...##
#@#.#.## .# ##.....##
#.#....# .###.......##
#†.##..#
.##.........####......##
............'>............
...÷........####...##.####
##.#.......## ##.....#
#.##.....## ##.####
##.###...## #.#


There were no monsters in sight!

Vanquished Creatures
  3 adders (D:2)
  A worm (D:2)
  2 leopard geckos
  4 goblins (D:1)
  5 hobgoblins
  2 jackals (D:1)
  A ball python (D:1)
  5 bats
  5 frilled lizards
  6 kobolds
  A rat (D:2)
35 creatures vanquished.

Vanquished Creatures (others)
  4 toadstools (D:1)
4 creatures vanquished.

Grand Total: 39 creatures vanquished

Notes
Turn   | Place    | Note
-------+----------+-------------------------------------------
     0 | D:1      | Gorglomux the Barachi Earth Elementalist began the quest for the Orb.
     0 | D:1      | Reached XP level 1. HP: 13/13 MP: 3/3
   349 | D:1      | Reached XP level 2. HP: 12/19 MP: 3/5
  1423 | D:2      | Reached skill level 3 in Spellcasting
  1427 | D:2      | Reached XP level 3. HP: 13/24 MP: 3/7
  1432 | D:2      | Learned a level 3 spell: Stone Arrow
  1872 | D:2      | Reached XP level 4. HP: 24/30 MP: 5/9
  1958 | D:2      | Reached skill level 4 in Earth Magic
  2183 | D:2      | Noticed Sigmund
  2245 | D:2      | Slain by Sigmund

Skill      XL: |  1  2  3  4 |
---------------+-------------+-----
Spellcasting   | 3 |  3.4
Earth Magic    | 4 |  4.0
Dodging        | |  2.1
Stealth        | |  1.7
Transmutations | |  1.1

Action                   |  1- 3 |  4- 6 || total
-------------------------+-------+-------++-------
Melee: Unarmed           |    16 |       ||    16
       Dagger            |    53 |       ||    53
       Trident           |     7 |    17 ||    24
 Cast: Sandblast         |    12 |       ||    12
       Stone Arrow       |     3 |     5 ||     8
 Abil: Hop               |     2 |     1 ||     3
  Use: Potion            |       |     3 ||     3
 Stab: Sleeping          |     4 |     3 ||     7
  Eat: Chunk             |     4 |     1 ||     5
Armor: Robe              |    15 |     4 ||    19
Dodge: Dodged            |    48 |    11 ||    59
